[Event "Dutch Open-ch 2019"]
[Site "Dieren"]
[Date "2019.07.24"]
[Round "2.3"]
[White "Pruijssers, Roeland"]
[Black "Maris, Ivo"]
[Result "1-0"]
[ECO "B08"]
[WhiteElo "2534"]
[BlackElo "2399"]
[Annotator "ChessBase"]
[PlyCount "151"]
[EventDate "2019.07.23"]
[EventType "swiss"]
[EventCountry "NED"]
[SourceTitle "playchess.com"]
[Source "ChessBase"]
[SourceQuality "1"]
[TimeControl "40/5400+30:1800+30"]

1. e4 g6 2. d4 Bg7 3. Nc3 c6 4. Bc4 d6 5. Nf3 Nf6 6. Bb3 O-O 7. O-O Bg4 8. h3 Bxf3 9. Qxf3 Nbd7 10. Be3 e5 11. Rad1 Qe7 12. Rfe1 h6 13. a3 Kh8 14. Qe2 Nh5 15. dxe5 dxe5 16. Qd2 Nc5 17. Bxh6 Nxb3 18. cxb3 Rfd8 19. Qe3 Bxh6 20. Qxh6+ Kg8 21. Qe3 Nf4 22. Ne2 Ne6 23. g3 Rxd1 24. Rxd1 Rd8 25. Rd3 Rxd3 26. Qxd3 Nc5 27. Qc2 Qd6 28. b4 Ne6 29. Kg2 Kg7 30. h4 Qd7 31. Qc3 f6 32. Qe3 b6 33. Nc3 Qd6 34. b5 cxb5 35. Nxb5 Qd1 36. Qf3 Qd2 37. Nc3 Nd4 38. Qg4 Nc2 39. Qe2 Qc1 40. Nd5 Nd4 41. Qg4 Qc6 42. h5 g5 43. Ne3 Kh7 44. Kh2 a5 45. Nf5 Qc8 46. Ne3 Qc6 47. Nd5 f5 48. Qd1 g4 49. Nc3 Kh6 50. Kg2 fxe4 51. Qxg4 e3+ 52. f3 b5 53. Ne4 e2 54. Qg5+ Kh7 55. Qe7+ Kg8 56. Ng5 Qh6 57. Qf7+ Kh8 58. Qe8+ Kg7 59. Qxe5+ Kf8 60. Qf4+ Ke8 61. Qe5+ Kf8 62. Kf2 Qxg5 63. Qxd4 Qxg3+ 64. Kxg3 e1=Q+ 65. Kg4 Kf7 66. Qd5+ Kf6 67. Qf5+ Kg7 68. Qg5+ Kf7 69. Qf5+ Kg7 70. Qxb5 Qg1+ 71. Kf5 Qb1+ 72. Ke6 Qa2+ 73. Qd5 Qb1 74. Qg5+ Kh8 75. Qh6+ Kg8 76. Qg6+ 1-0

[Event "Dutch Open-ch 2019"]
[Site "Dieren"]
[Date "2019.07.24"]
[Round "2.4"]
[White "Zwirs, Nico"]
[Black "Van Foreest, Lucas"]
[Result "1/2-1/2"]
[ECO "C55"]
[WhiteElo "2380"]
[BlackElo "2521"]
[Annotator "ChessBase"]
[PlyCount "110"]
[EventDate "2019.07.23"]
[EventType "swiss"]
[EventCountry "NED"]
[SourceTitle "playchess.com"]
[Source "ChessBase"]
[SourceQuality "1"]
[TimeControl "40/5400+30:1800+30"]

1. e4 e5 2. Nf3 Nc6 3. Bc4 Nf6 4. d3 Be7 5. O-O O-O 6. Re1 d6 7. a4 Kh8 8. Nc3 Ng8 9. d4 Bg4 10. dxe5 Nxe5 11. Be2 Bxf3 12. Bxf3 Bg5 13. Be2 Ng6 14. Bd3 a5 15. Qh5 Bxc1 16. Raxc1 Nf6 17. Qg5 c6 18. Rcd1 Qb6 19. b3 Rad8 20. Qe3 Qxe3 21. Rxe3 Rfe8 22. Ree1 Nf4 23. Bf1 Kg8 24. g3 Ne6 25. f3 Kf8 26. Kf2 d5 27. exd5 Nxd5 28. Nxd5 cxd5 29. Rd2 Rd6 30. Red1 Red8 31. Bc4 Nc7 32. f4 Ke7 33. Be2 Rc6 34. Bf3 Rc3 35. Re1+ Kf8 36. Re3 Rxe3 37. Kxe3 Ke7 38. h4 Kd6 39. Rd3 Rd7 40. Kd2 Kc5 41. Re3 Kd6 42. Re5 g6 43. h5 b6 44. c3 Re7 45. Rxe7 Kxe7 46. Ke3 Kd6 47. Be2 Ne8 48. Bd3 Nf6 49. hxg6 hxg6 50. b4 Nh5 51. Kf3 Ng7 52. Ke3 Nh5 53. Kf3 Ng7 54. Ke3 Ne6 55. Bb5 Ng7 1/2-1/2

[Event "Dutch Open-ch 2019"]
[Site "Dieren"]
[Date "2019.07.24"]
[Round "2.5"]
[White "Ikonnikov, Vyacheslav"]
[Black "Ashwath, R.."]
[Result "1/2-1/2"]
[ECO "D52"]
[WhiteElo "2499"]
[BlackElo "2365"]
[Annotator "ChessBase"]
[PlyCount "40"]
[EventDate "2019.07.23"]
[EventType "swiss"]
[EventCountry "NED"]
[SourceTitle "playchess.com"]
[Source "ChessBase"]
[SourceQuality "1"]
[TimeControl "40/5400+30:1800+30"]

1. d4 Nf6 2. Nf3 d5 3. c4 e6 4. Nc3 Bb4 5. Bg5 Nbd7 6. cxd5 exd5 7. Rc1 c6 8. e3 Qa5 9. Qb3 Ne4 10. Bd3 Nxg5 11. Nxg5 h6 12. Nf3 O-O 13. O-O Bd6 14. Qc2 Nf6 15. h3 Re8 16. Rb1 Bd7 17. a3 Qd8 18. Rfe1 Rc8 19. b4 b6 20. Bf5 Ne4 1/2-1/2

[Event "Dutch Open-ch 2019"]
[Site "Dieren"]
[Date "2019.07.24"]
[Round "2.6"]
[White "Grooten, Herman"]
[Black "Beerdsen, Thomas"]
[Result "0-1"]
[ECO "E16"]
[WhiteElo "2310"]
[BlackElo "2497"]
[Annotator "ChessBase"]
[PlyCount "68"]
[EventDate "2019.07.23"]
[EventType "swiss"]
[EventCountry "NED"]
[SourceTitle "playchess.com"]
[Source "ChessBase"]
[SourceQuality "1"]
[TimeControl "40/5400+30:1800+30"]

1. d4 Nf6 2. c4 e6 3. Nf3 Bb4+ 4. Nbd2 O-O 5. a3 Be7 6. g3 b6 7. Bg2 Bb7 8. Qc2 d5 9. cxd5 exd5 10. b4 Nbd7 11. Rb1 a5 12. b5 a4 13. O-O Bd6 14. Nh4 Re8 15. Nc4 Bf8 16. Bb2 Ne4 17. Ne5 Nxe5 18. dxe5 Bc5 19. e3 Qd7 20. Qd3 Qe6 21. f3 Ng5 22. Nf5 Qg6 23. Rbd1 c6 24. h4 Ne6 25. f4 cxb5 26. h5 Qxh5 27. Bf3 Qg6 28. Kh1 b4 29. Rf2 bxa3 30. Bd4 Bc8 31. e4 Nxd4 32. Nxd4 Qxg3 33. Rh2 Bxd4 34. exd5 Bf5 0-1

[Event "Dutch Open-ch 2019"]
[Site "Dieren"]
[Date "2019.07.24"]
[Round "2.7"]
[White "Schoppen, Casper"]
[Black "Kolbus, Dietmar"]
[Result "1/2-1/2"]
[ECO "B13"]
[WhiteElo "2493"]
[BlackElo "2281"]
[Annotator "ChessBase"]
[PlyCount "68"]
[EventDate "2019.07.23"]
[EventType "swiss"]
[EventCountry "NED"]
[SourceTitle "playchess.com"]
[Source "ChessBase"]
[SourceQuality "1"]
[TimeControl "40/5400+30:1800+30"]

1. e4 c6 2. d4 d5 3. exd5 cxd5 4. Bd3 Nf6 5. Ne2 Nc6 6. c3 g6 7. O-O Bg7 8. Bf4 O-O 9. Nd2 Re8 10. Re1 e5 11. dxe5 Nxe5 12. Bb5 Bd7 13. Bxd7 Qxd7 14. Qc2 Nc4 15. Rad1 Qb5 16. Nb3 Qa4 17. Qb1 h6 18. Ned4 b6 19. Nd2 Nh5 20. Nxc4 dxc4 21. Be3 Nf6 22. b3 Qa6 23. bxc4 Qxc4 24. Nb5 Re5 25. Nd6 Qe6 26. Bf4 Rxe1+ 27. Rxe1 Qd7 28. Be5 Rd8 29. c4 Qc6 30. Rd1 Bf8 31. Bxf6 Rxd6 32. Rxd6 Qxd6 33. Bc3 Bg7 34. Bxg7 Kxg7 1/2-1/2

[Event "Dutch Open-ch 2019"]
[Site "Dieren"]
[Date "2019.07.24"]
[Round "2.8"]
[White "Wedda, Dries"]
[Black "Vrolijk, Liam"]
[Result "0-1"]
[ECO "D85"]
[WhiteElo "2234"]
[BlackElo "2478"]
[Annotator "RC"]
[PlyCount "84"]
[EventDate "2019.07.23"]
[EventType "swiss"]
[EventCountry "NED"]
[SourceTitle "playchess.com"]
[Source "ChessBase"]
[SourceQuality "1"]
[TimeControl "40/5400+30:1800+30"]

1. d4 Nf6 2. c4 g6 3. Nc3 d5 4. cxd5 Nxd5 5. e4 Nxc3 6. bxc3 Bg7 7. Bb5+ c6 8. Ba4 O-O 9. Nf3 b5 10. Bb3 a5 11. O-O Na6 12. Be3 a4 13. Bc2 c5 14. Qd2 Bg4 15. Rad1 Qa5 16. h3 Bxf3 17. gxf3 Rfd8 18. f4 b4 19. cxb4 Nxb4 20. e5 cxd4 21. Bxd4 Nxa2 22. Qxa5 Rxa5 23. Bb6 Rxd1 24. Bxa5 Rd5 25. Bb6 Nc3 26. Be3 g5 27. fxg5 Bxe5 28. Kg2 a3 29. f4 Bd4 30. Kf3 a2 31. Ra1 Bxe3 32. Kxe3 Rb5 33. Kd3 Nd5 34. Kc4 Ra5 35. h4 Ne3+ 36. Kd3 Ra3+ 37. Kd2 Nxc2 38. Kxc2 Ra4 39. h5 Rxf4 40. Kd3 Rg4 41. Rxa2 Rxg5 42. h6 f6 0-1

[Event "Dutch Open-ch 2019"]
[Site "Dieren"]
[Date "2019.07.24"]
[Round "2.9"]
[White "Hausrath, Daniel"]
[Black "Mesman, Edwyn"]
[Result "1-0"]
[ECO "A30"]
[WhiteElo "2468"]
[BlackElo "2204"]
[Annotator "ChessBase"]
[PlyCount "47"]
[EventDate "2019.07.23"]
[EventType "swiss"]
[EventCountry "NED"]
[SourceTitle "playchess.com"]
[Source "ChessBase"]
[SourceQuality "1"]
[TimeControl "40/5400+30:1800+30"]

1. Nf3 Nf6 2. b3 g6 3. Bb2 Bg7 4. c4 c5 5. g3 b6 6. Bg2 Bb7 7. O-O O-O 8. Nc3 Nc6 9. d4 d6 10. d5 Na5 11. Qc2 a6 12. a4 b5 13. axb5 axb5 14. Nxb5 Qb6 15. e4 Ba6 16. Ra4 Bxb5 17. cxb5 Ra7 18. Rfa1 Qxb5 19. Nd2 Rb8 20. Bc3 Rba8 21. Bf1 Qb6 22. Rxa5 Rxa5 23. Rxa5 Rxa5 24. Nc4 1-0

[Event "Dutch Open-ch 2019"]
[Site "Dieren"]
[Date "2019.07.24"]
[Round "2.10"]
[White "Van Helvoort, Rob"]
[Black "Lai, Hing Ting"]
[Result "0-1"]
[ECO "D94"]
[WhiteElo "2104"]
[BlackElo "2460"]
[Annotator "ChessBase"]
[PlyCount "66"]
[EventDate "2019.07.23"]
[EventType "swiss"]
[EventCountry "NED"]
[SourceTitle "playchess.com"]
[Source "ChessBase"]
[SourceQuality "1"]
[TimeControl "40/5400+30:1800+30"]

1. e4 c6 2. c4 d5 3. exd5 cxd5 4. cxd5 Nf6 5. Nc3 Nxd5 6. Nf3 Nc6 7. Bc4 Nb6 8. Bb3 g6 9. d4 Bg7 10. d5 Na5 11. O-O O-O 12. Re1 Nxb3 13. axb3 e6 14. d6 Bd7 15. Ne5 Nc8 16. Bf4 f6 17. Nc4 Rf7 18. Re2 Bf8 19. Rd2 Rb8 20. Ne4 b6 21. f3 Rb7 22. g4 h6 23. Ng3 Bc6 24. Rc1 Rbd7 25. Be3 Bd5 26. Qc2 Bxf3 27. Qxg6+ Rg7 28. Qxh6 Rxg4 29. Qh3 Rh7 30. Qf1 Rxg3+ 31. hxg3 Rh1+ 32. Kf2 Rxf1+ 33. Rxf1 Bd5 0-1

[Event "Dutch Open-ch 2019"]
[Site "Dieren"]
[Date "2019.07.24"]
[Round "2.11"]
[White "Nair, Sanjeev"]
[Black "Das, Arghyadip"]
[Result "0-1"]
[ECO "B40"]
[WhiteElo "2045"]
[BlackElo "2439"]
[Annotator "NA"]
[PlyCount "70"]
[EventDate "2019.07.23"]
[EventType "swiss"]
[EventCountry "NED"]
[SourceTitle "playchess.com"]
[Source "ChessBase"]
[SourceQuality "1"]
[TimeControl "40/5400+30:1800+30"]

1. e4 c5 2. Nf3 e6 3. d4 cxd4 4. Nxd4 Qb6 5. Nc3 a6 6. g3 Bc5 7. Na4 Qa5+ 8. c3 Ba7 9. b4 Qc7 10. Qd3 d6 11. Bg2 Nd7 12. O-O Ne5 13. Qe3 Nf6 14. b5 Qa5 15. Nb2 axb5 16. a4 Bd7 17. Bd2 bxa4 18. Qg5 O-O 19. c4 Qc7 20. Nb5 Bxb5 21. cxb5 h6 22. Qf4 Qc2 23. Nxa4 Nd3 24. Qf3 Qxd2 25. Rad1 Qb4 26. Qxd3 Qxa4 27. e5 dxe5 28. Bxb7 Rab8 29. Bc6 Bd4 30. Rc1 Qa5 31. Kh1 Nd5 32. f4 Nb4 33. Qc4 Nxc6 34. bxc6 Rb4 35. Qe2 Rb2 0-1

[Event "Dutch Open-ch 2019"]
[Site "Dieren"]
[Date "2019.07.24"]
[Round "2.12"]
[White "Lahaye, Rick"]
[Black "Shakhverdian, William"]
[Result "1-0"]
[ECO "A07"]
[WhiteElo "2421"]
[BlackElo "2001"]
[Annotator "NA"]
[PlyCount "71"]
[EventDate "2019.07.23"]
[EventType "swiss"]
[EventCountry "NED"]
[SourceTitle "playchess.com"]
[Source "ChessBase"]
[SourceQuality "1"]
[TimeControl "40/5400+30:1800+30"]

1. Nf3 d5 2. b3 Nf6 3. Bb2 Bf5 4. d3 h6 5. Nbd2 e6 6. g3 Be7 7. Bg2 O-O 8. O-O a5 9. a4 Re8 10. Nd4 Bh7 11. e4 dxe4 12. dxe4 Bc5 13. Nb5 $11 c6 14. e5 Nd5 15. Na3 Nd7 16. Nac4 Qc7 17. Ne4 Bxe4 18. Bxe4 Red8 19. Qg4 Nf8 20. Rad1 g6 21. Qf3 b5 22. axb5 cxb5 23. Nd6 b4 24. Rxd5 exd5 25. Bxd5 Ra7 26. Nxf7 Rxd5 27. Qxd5 Qxf7 28. Qxc5 Ne6 29. Qe3 Rc7 30. c4 bxc3 31. Bxc3 Ng5 32. e6 Qf5 33. e7 Nh3+ 34. Kg2 Rxe7 35. Qxe7 Nf4+ 36. Kh1 1-0

[Event "Dutch Open-ch 2019"]
[Site "Dieren"]
[Date "2019.07.24"]
[Round "2.14"]
[White "Buckels, Valentin"]
[Black "Reichardt, Robin"]
[Result "1-0"]
[ECO "D51"]
[WhiteElo "2451"]
[BlackElo "1811"]
[Annotator "ChessBase"]
[PlyCount "75"]
[EventDate "2019.07.23"]
[EventType "swiss"]
[EventCountry "NED"]
[SourceTitle "playchess.com"]
[Source "ChessBase"]
[SourceQuality "1"]
[TimeControl "40/5400+30:1800+30"]

1. d4 d5 2. c4 c6 3. Nf3 Nf6 4. Qb3 e6 5. Bg5 Be7 6. e3 Nbd7 7. Nc3 O-O 8. Bd3 b6 9. cxd5 cxd5 10. Rc1 Bb7 11. O-O Rc8 12. h3 Ne4 13. Bf4 a6 14. Bxe4 dxe4 15. Nd2 Nf6 16. Be5 Bd5 17. Nxd5 exd5 18. Rxc8 Qxc8 19. Bxf6 Bxf6 20. Qxd5 Qc2 21. Nxe4 Qxb2 22. Nxf6+ gxf6 23. Qc6 Qxa2 24. Qxb6 Kg7 25. Rc1 a5 26. Rc6 a4 27. Rxf6 a3 28. Rf5 f6 29. Ra5 Qd2 30. Qc7+ Rf7 31. Qg3+ Kh6 32. Qh4+ Kg7 33. Qg4+ Kf8 34. Ra8+ Ke7 35. Qc8 a2 36. Ra7+ Kd6 37. Ra6+ Ke7 38. Re6# 1-0

[Event "Dutch Open-ch 2019"]
[Site "Dieren"]
[Date "2019.07.24"]
[Round "2.15"]
[White "Odendahl, Reiner"]
[Black "Baselmans, Sam"]
[Result "1/2-1/2"]
[ECO "A24"]
[WhiteElo "2352"]
[BlackElo "2064"]
[Annotator "NA"]
[PlyCount "61"]
[EventDate "2019.07.23"]
[EventType "swiss"]
[EventCountry "NED"]
[SourceTitle "playchess.com"]
[Source "ChessBase"]
[SourceQuality "1"]
[TimeControl "40/5400+30:1800+30"]

1. c4 Nf6 2. Nc3 g6 3. g3 Bg7 4. Bg2 d6 5. e4 O-O 6. Nge2 e5 7. O-O Be6 8. d3 Qd7 9. f4 Bh3 10. f5 Bxg2 11. Kxg2 c6 12. h3 d5 13. cxd5 cxd5 14. Bg5 dxe4 15. dxe4 Qxd1 16. Raxd1 Nbd7 17. Rd6 h6 18. Be3 Rfc8 19. fxg6 fxg6 20. g4 b5 21. Ng3 b4 22. Nd5 Rc2+ 23. Rf2 Rxf2+ 24. Bxf2 a5 25. Nxf6+ Nxf6 26. Bb6 Kf7 27. Bd8 Rc8 28. Rd2 a4 29. Kf3 Rc4 30. h4 a3 31. Bxf6 1/2-1/2

[Event "Dutch Open-ch 2019"]
[Site "Dieren"]
[Date "2019.07.24"]
[Round "2.16"]
[White "Sharma, Dinesh K."]
[Black "Tiwari, Ashwani"]
[Result "1/2-1/2"]
[ECO "B37"]
[WhiteElo "2299"]
[BlackElo "2089"]
[Annotator "NA"]
[PlyCount "34"]
[EventDate "2019.07.23"]
[EventType "swiss"]
[EventCountry "NED"]
[SourceTitle "playchess.com"]
[Source "ChessBase"]
[SourceQuality "1"]
[TimeControl "40/5400+30:1800+30"]

1. e4 c5 2. Nf3 Nc6 3. d4 cxd4 4. Nxd4 g6 5. c4 Nf6 6. Nc3 d6 7. Nc2 Bg7 8. Be2 O-O 9. O-O Be6 10. Rb1 a5 11. b3 Nd7 12. Bb2 Nc5 13. Qd2 f5 14. exf5 Bxf5 15. Rbd1 a4 16. bxa4 Bxc2 17. Qxc2 Nd4 1/2-1/2

[Event "Dutch Open-ch 2019"]
[Site "Dieren"]
[Date "2019.07.24"]
[Round "2.17"]
[White "Ojas Kulkarni"]
[Black "Ochs, Daniel Elias"]
[Result "1-0"]
[ECO "A25"]
[WhiteElo "2251"]
[BlackElo "2005"]
[Annotator "NA"]
[PlyCount "117"]
[EventDate "2019.07.23"]
[EventType "swiss"]
[EventCountry "NED"]
[SourceTitle "playchess.com"]
[Source "ChessBase"]
[SourceQuality "1"]
[TimeControl "40/5400+30:1800+30"]

1. c4 e5 2. g3 Nf6 3. Bg2 Bc5 4. Nc3 Nc6 5. e3 O-O 6. Nge2 d6 7. O-O Bf5 8. d4 Bb6 9. b3 Qc8 10. Nd5 Nxd5 11. cxd5 Nb4 12. e4 Bg4 13. dxe5 dxe5 14. Bb2 f6 15. Kh1 c6 16. a3 Na6 17. f3 Bh5 18. b4 Rd8 19. Qb3 cxd5 20. exd5 Bf7 21. f4 Qg4 22. Bf3 Qxf3+ 23. Rxf3 Bxd5 24. Qd3 e4 25. Qb1 exf3 26. Nc3 Bf7 27. Qf1 Rac8 28. Rd1 Rxd1 29. Qxd1 f2 30. Kg2 Rxc3 31. Qd7 Re3 32. Bd4 Bxd4 33. Qxd4 Re8 34. Qxa7 Bd5+ 35. Kxf2 Bc6 36. Qb6 Nb8 37. b5 Be4 38. Qc7 f5 39. a4 h6 40. h4 Kh8 41. Kf1 Kh7 42. Kg1 Kg8 43. Kf1 Bd3+ 44. Kf2 Be4 45. Ke3 Bd5+ 46. Kd4 Be4 47. Kc5 Kf8 48. Kb4 Kg8 49. Qd6 Kf7 50. h5 Kg8 51. Kc5 Rc8+ 52. Kb6 Re8 53. Kc7 Kf7 54. Qg6+ Kf8 55. a5 Nc6 56. bxc6 bxc6 57. Qd6+ Kg8 58. Qc5 Kf7 59. a6 1-0

[Event "Dutch Open-ch 2019"]
[Site "Dieren"]
[Date "2019.07.24"]
[Round "2.18"]
[White "Mohite, Ranveer"]
[Black "Goswami, Vedant"]
[Result "1-0"]
[ECO "B12"]
[WhiteElo "2229"]
[BlackElo "2046"]
[Annotator "NA"]
[PlyCount "55"]
[EventDate "2019.07.23"]
[EventType "swiss"]
[EventCountry "NED"]
[SourceTitle "playchess.com"]
[Source "ChessBase"]
[SourceQuality "1"]
[TimeControl "40/5400+30:1800+30"]

1. e4 c6 2. d4 d5 3. e5 Bf5 4. Nf3 e6 5. Be2 Nd7 6. c3 Ne7 7. Na3 h6 8. O-O g5 9. Ne1 Bg7 10. Nd3 Ng6 11. Nc2 O-O 12. Ne3 f6 13. Nxf5 exf5 14. e6 Nb8 15. f4 g4 16. Bxg4 fxg4 17. f5 Ne7 18. Qxg4 Kh7 19. Rf3 Rg8 20. Rh3 Na6 21. Be3 Bf8 22. Qf3 Qe8 23. Rf1 b6 24. Rh5 Nc7 25. Qh3 Nxf5 26. Rfxf5 Qg6 27. Bxh6 Bxh6 28. Rxh6+ 1-0

[Event "Dutch Open-ch 2019"]
[Site "Dieren"]
[Date "2019.07.24"]
[Round "2.19"]
[White "Konings, Frans"]
[Black "Heemskerk, Wim"]
[Result "1-0"]
[ECO "B21"]
[WhiteElo "2208"]
[BlackElo "2227"]
[Annotator "NA"]
[PlyCount "69"]
[EventDate "2019.07.23"]
[EventType "swiss"]
[EventCountry "NED"]
[SourceTitle "playchess.com"]
[Source "ChessBase"]
[SourceQuality "1"]
[TimeControl "40/5400+30:1800+30"]

1. e4 c5 2. d4 cxd4 3. c3 d3 4. Bxd3 Nc6 5. Nf3 d6 6. h3 g6 7. O-O Bg7 8. Qe2 Nf6 9. Rd1 Nd7 10. Bc2 O-O 11. Be3 Qc7 12. Nbd2 b6 13. Bg5 Bb7 14. Nf1 Rfe8 15. Ne3 e6 16. Rd2 Nde5 17. Rad1 Nxf3+ 18. Qxf3 Ne5 19. Qe2 d5 20. exd5 exd5 21. Qf1 Qc5 22. Bf4 Rac8 23. Ba4 Re6 24. Bb3 Nc4 25. Nxc4 dxc4 26. Rd8+ Re8 27. Rxe8+ Rxe8 28. Qxc4 Qxc4 29. Bxc4 Bc6 30. Rd6 Re4 31. Rd8+ Re8 32. Rxe8+ Bxe8 33. Ba6 b5 34. a3 Bc6 35. Be3 1-0

[Event "Dutch Open-ch 2019"]
[Site "Dieren"]
[Date "2019.07.24"]
[Round "2.20"]
[White "Mota, Pankit"]
[Black "Munshi, Aditya"]
[Result "0-1"]
[ECO "B10"]
[WhiteElo "2002"]
[BlackElo "2125"]
[Annotator "NA"]
[PlyCount "68"]
[EventDate "2019.07.23"]
[EventType "swiss"]
[EventCountry "NED"]
[SourceTitle "playchess.com"]
[Source "ChessBase"]
[SourceQuality "1"]
[TimeControl "40/5400+30:1800+30"]

1. e4 c6 2. c4 d5 3. cxd5 cxd5 4. exd5 Nf6 5. Nc3 Nxd5 6. Nf3 Nc6 7. Bb5 g6 8. Ne5 Qd6 9. d4 Bg7 10. Nc4 Qd8 11. Qf3 Be6 12. Ne3 a6 13. Ba4 b5 14. Ncxd5 bxa4 15. Nf6+ Bxf6 16. Qxc6+ Bd7 17. Qe4 Bb5 18. Nd5 O-O 19. Bh6 Re8 20. Rc1 Ra7 21. Kd2 Rd7 22. Rc5 Bh8 23. Bg5 Bc6 24. Nxe7+ Rexe7 25. Bxe7 Rxe7 26. Qxc6 Qxd4+ 27. Kc1 Qxb2+ 28. Kd1 Qe2+ 29. Kc1 Qb2+ 30. Kd1 Qa1+ 31. Kd2 Qxh1 32. Qc8+ Kg7 33. Rc1 Qxh2 34. Qc3+ Qe5 0-1

[Event "Dutch Open-ch 2019"]
[Site "Dieren"]
[Date "2019.07.25"]
[Round "3.1"]
[White "Lai, Hing Ting"]
[Black "Reinderman, Dimitri"]
[Result "1/2-1/2"]
[ECO "A96"]
[WhiteElo "2460"]
[BlackElo "2583"]
[Annotator "ChessBase"]
[PlyCount "36"]
[EventDate "2019.07.23"]
[EventType "swiss"]
[EventCountry "NED"]
[SourceTitle "playchess.com"]
[Source "ChessBase"]
[SourceQuality "1"]
[TimeControl "40/5400+30:1800+30"]

1. d4 e6 2. Nf3 f5 3. g3 Nf6 4. Bg2 Be7 5. O-O O-O 6. c4 d6 7. Nc3 Ne4 8. Qc2 Nxc3 9. Qxc3 a5 10. b3 Nc6 11. Bb2 Bf6 12. Rfe1 e5 13. dxe5 Nxe5 14. Qc2 Nc6 15. a3 Be6 16. Bxf6 Qxf6 17. e3 Rad8 18. Nd4 Nxd4 1/2-1/2

[Event "Dutch Open-ch 2019"]
[Site "Dieren"]
[Date "2019.07.25"]
[Round "3.2"]
[White "David, Alberto"]
[Black "Hausrath, Daniel"]
[Result "1/2-1/2"]
[ECO "E91"]
[WhiteElo "2553"]
[BlackElo "2468"]
[Annotator "ChessBase"]
[PlyCount "214"]
[EventDate "2019.07.23"]
[EventType "swiss"]
[EventCountry "NED"]
[SourceTitle "playchess.com"]
[Source "ChessBase"]
[SourceQuality "1"]
[TimeControl "40/5400+30:1800+30"]

1. Nf3 Nf6 2. c4 g6 3. Nc3 Bg7 4. d4 d6 5. e4 O-O 6. Be2 c6 7. Be3 a6 8. Nd2 Nbd7 9. Rc1 b5 10. b4 a5 11. a3 axb4 12. axb4 bxc4 13. Nxc4 Ba6 14. Na5 Bxe2 15. Qxe2 Qb6 16. d5 c5 17. Nc6 Rfe8 18. O-O e6 19. bxc5 Nxc5 20. Bd4 Nfd7 21. Bxg7 Kxg7 22. Rb1 Qa6 23. Nb5 Nf6 24. Qb2 Ncxe4 25. Nc7 Qc8 26. Nxa8 Qxa8 27. Ra1 Qc8 28. Rfc1 Nc5 29. Na7 Qd7 30. dxe6 Qxe6 31. Qc3 Qd7 32. Ra2 Re5 33. h3 Qe6 34. Rac2 Nd5 35. Qf3 Nb4 36. Rc3 Na2 37. Nb5 Nxc1 38. Rxc1 Re1+ 39. Rxe1 Qxe1+ 40. Kh2 Qe5+ 41. Qg3 Ne4 42. Qxe5+ dxe5 43. f3 Nd2 44. Kg3 f5 45. Kf2 Kf6 46. Nc3 Ke6 47. Ke3 Nc4+ 48. Kd3 Nb6 49. g3 Nd5 50. Ne2 g5 51. Kc4 h5 52. Kc5 h4 53. gxh4 gxh4 54. Kc6 Nb4+ 55. Kc5 Nd3+ 56. Kc4 Nf2 57. Ng1 Kd6 58. f4 e4 59. Kd4 Nd3 60. Ne2 Ne1 61. Nc3 Nc2+ 62. Kc4 Ke6 63. Ne2 Ne1 64. Nd4+ Kf6 65. Ne2 Nf3 66. Kd5 Nd2 67. Kc5 Nf1 68. Kd4 Ke6 69. Nc3 Ng3 70. Ke3 Nh5 71. Nb5 Kd5 72. Nc3+ Kd6 73. Nb5+ Kd5 74. Nc3+ Ke6 75. Nb5 Ng7 76. Nc3 Kd6 77. Nb5+ Kc5 78. Nc3 Kd6 79. Nb5+ Ke7 80. Nd4 Kf6 81. Nb5 Ne6 82. Nd6 Nc7 83. Kd4 Ke6 84. Nb7 Nb5+ 85. Ke3 Kd5 86. Na5 Nd4 87. Nb7 Ne6 88. Na5 Nc5 89. Ke2 Nd3 90. Ke3 Nb4 91. Nb3 Kd6 92. Nd4 Nd5+ 93. Kf2 Ne7 94. Nc2 Kc5 95. Ne3 Kd4 96. Ke2 Kc3 97. Nd1+ Kc4 98. Ne3+ Kd4 99. Nc2+ Kd5 100. Ne3+ Ke6 101. Ng2 Ng6 102. Kd2 Kd6 103. Ne3 Nxf4 104. Nxf5+ Ke5 105. Nxh4 Nxh3 106. Ke3 Nf4 107. Nf3+ exf3 1/2-1/2

[Event "Dutch Open-ch 2019"]
[Site "Dieren"]
[Date "2019.07.25"]
[Round "3.3"]
[White "Das, Arghyadip"]
[Black "Pruijssers, Roeland"]
[Result "0-1"]
[ECO "A32"]
[WhiteElo "2439"]
[BlackElo "2534"]
[Annotator "ChessBase"]
[PlyCount "48"]
[EventDate "2019.07.23"]
[EventType "swiss"]
[EventCountry "NED"]
[SourceTitle "playchess.com"]
[Source "ChessBase"]
[SourceQuality "1"]
[TimeControl "40/5400+30:1800+30"]

1. Nf3 c5 2. c4 Nf6 3. d4 cxd4 4. Nxd4 e6 5. Nc3 Nc6 6. Bg5 Qb6 7. Nb3 Bb4 8. Bxf6 gxf6 9. Rc1 a5 10. e3 a4 11. Nd4 a3 12. b3 Qa5 13. Qd2 d5 14. cxd5 Nxd4 15. Qxd4 e5 16. Qd3 Bd7 17. Kd1 f5 18. f4 exf4 19. exf4 O-O 20. h4 Rfc8 21. Nb5 Rxc1+ 22. Kxc1 Rc8+ 23. Kb1 Bf8 24. Be2 Bxb5 0-1

[Event "Dutch Open-ch 2019"]
[Site "Dieren"]
[Date "2019.07.25"]
[Round "3.4"]
[White "Beerdsen, Thomas"]
[Black "Lahaye, Rick"]
[Result "1-0"]
[ECO "B94"]
[WhiteElo "2497"]
[BlackElo "2421"]
[Annotator "ChessBase"]
[PlyCount "73"]
[EventDate "2019.07.23"]
[EventType "swiss"]
[EventCountry "NED"]
[SourceTitle "playchess.com"]
[Source "ChessBase"]
[SourceQuality "1"]
[TimeControl "40/5400+30:1800+30"]

1. e4 c5 2. Nf3 a6 3. Nc3 d6 4. d4 cxd4 5. Nxd4 Nf6 6. Bg5 Nbd7 7. Bc4 h6 8. Bh4 Ne5 9. Bb3 g5 10. Bg3 e6 11. Qe2 Qc7 12. O-O-O Bd7 13. Kb1 b5 14. a3 Rb8 15. f3 Nh5 16. Be1 Nf4 17. Qf2 Nfg6 18. g3 Bg7 19. h4 gxh4 20. f4 Nc4 21. gxh4 h5 22. Rg1 Bh6 23. Rxg6 fxg6 24. Qg3 Kf7 25. f5 exf5 26. exf5 gxf5 27. Nd5 Qb7 28. Qf3 Bg7 29. Nxf5 Bxf5 30. Qxf5+ Kg8 31. Bc3 Qf7 32. Qg5 Rh7 33. Nf6+ Kh8 34. Rg1 Rh6 35. Ne8 Qg6 36. Bxg7+ Kh7 37. Qxh6+ 1-0

[Event "Dutch Open-ch 2019"]
[Site "Dieren"]
[Date "2019.07.25"]
[Round "3.5"]
[White "Vrolijk, Liam"]
[Black "Bosboom, Manuel"]
[Result "1/2-1/2"]
[ECO "A41"]
[WhiteElo "2478"]
[BlackElo "2418"]
[Annotator "ChessBase"]
[PlyCount "47"]
[EventDate "2019.07.23"]
[EventType "swiss"]
[EventCountry "NED"]
[SourceTitle "playchess.com"]
[Source "ChessBase"]
[SourceQuality "1"]
[TimeControl "40/5400+30:1800+30"]

1. d4 d6 2. Nf3 Bg4 3. e4 Nd7 4. Bd3 e5 5. c3 Ngf6 6. O-O Be7 7. Re1 O-O 8. Nbd2 Re8 9. h3 Bh5 10. Nf1 Bf8 11. Ng3 Bg6 12. Nh4 d5 13. Nxg6 hxg6 14. dxe5 Nxe5 15. Bc2 Bc5 16. exd5 Qxd5 17. Ne4 Qxd1 18. Nxf6+ gxf6 19. Rxd1 Bb6 20. Kf1 Kg7 21. Bf4 Re7 22. Bb3 Rae8 23. Rd2 g5 24. Bxe5 1/2-1/2

[Event "Dutch Open-ch 2019"]
[Site "Dieren"]
[Date "2019.07.25"]
[Round "3.6"]
[White "Van Foreest, Lucas"]
[Black "Ojas Kulkarni"]
[Result "1-0"]
[ECO "C72"]
[WhiteElo "2521"]
[BlackElo "2251"]
[Annotator "ChessBase"]
[PlyCount "63"]
[EventDate "2019.07.23"]
[EventType "swiss"]
[EventCountry "NED"]
[SourceTitle "playchess.com"]
[Source "ChessBase"]
[SourceQuality "1"]
[TimeControl "40/5400+30:1800+30"]

1. e4 e5 2. Nf3 Nc6 3. Bb5 a6 4. Ba4 d6 5. O-O Bd7 6. c3 g5 7. d4 g4 8. Ne1 h5 9. Be3 Bg7 10. f4 exd4 11. cxd4 Na5 12. Nc3 Nc4 13. Bf2 b5 14. Bb3 Nxb2 15. Qe2 Na4 16. Nxa4 bxa4 17. Bc4 Ne7 18. Nc2 d5 19. exd5 Bf6 20. f5 Kf8 21. Bg3 Bb5 22. Bxb5 axb5 23. Be5 Nxd5 24. Qxb5 Kg7 25. Qe2 Re8 26. Rae1 Rb8 27. h3 Rb2 28. hxg4 Nb4 29. Bxf6+ Qxf6 30. Qxe8 Nxc2 31. g5 Qxd4+ 32. Rf2 1-0